 Dungeon Crawl Stone Soup version 0.27-a0-1555-g0e7b3fb (webtiles) character file.

Game seed: 13227458272640252552

3 Meow the Chiller (level 1, 15/15 HPs)
             Began as a Naga Ice Elementalist on July 14, 2021.
             Quit the game on level 1 of the Dungeon.
             The game lasted 00:00:48 (133 turns).

Meow the Chiller (Naga Ice Elementalist)             Turns: 133, Time: 00:00:49

Health: 15/15      AC:  1    Str: 10    XL:     1   Next: 50%
Magic:  3/3        EV:  9    Int: 15    God:
Gold:   0          SH:  0    Dex: 11    Spells: 3/4 levels left

rFire    . . .     SeeInvis +   (no weapon)
rCold    . . .     Faith    .   (no shield)
rNeg     . . .     Spirit   .   a - +0 robe
rPois    +         Reflect  .   (no helmet)
rElec    .         Harm     .   (no cloak)
rCorr    .         Rampage  .   (no gloves)
Will     .....                  (no barding)
Stlth    ++........             (no amulet)
HPRegen  0.05/turn              (no ring)
MPRegen  0.08/turn              (no ring)

@: very slow
A: AC +0, large, see invisible, deformed body, poison resistance, slowness 2,
spit poison 1, naga tail 1
a: Spit Poison


You were on level 1 of the Dungeon.
You visited 1 branch of the dungeon, and saw 1 of its levels.

Inventory:

Hand Weapons
 d - a +0 mace
Armour
 a - a +0 robe (worn)
Scrolls
 b - a scroll of identify {unknown}
 c - a scroll of immolation {unknown}


   Skills:
 - Level 1.5 Dodging
 - Level 3.0 Stealth
 + Level 2.1 Spellcasting
 + Level 4.1 Ice Magic


You had 3 spell levels left.
You knew the following spells:

 Your Spells              Type           Power      Damage    Failure   Level
a - Freeze                Ice            52%        1d7       4%          1

Your spell library contained the following spells:

 Spells                   Type           Power      Damage    Failure   Level
 Frozen Ramparts          Ice            26%        1d4       12%         3
 Ozocubu's Armour         Ice            13%        N/A       12%         3
 Hailstorm                Conj/Ice       7%         3d4       67%         4


Dungeon Overview and Level Annotations

Branches:
Dungeon (1/15)

Altars:


Innate Abilities, Weirdness & Mutations

Your serpentine skin is tough. (AC +0)
You have supernaturally acute eyesight. (SInv)
Armour fits poorly on your strangely shaped body.
Your system is resistant to poisons. (rPois)
You cover ground very slowly.
You can spit poison.
You have a snake-like lower body.


Message History

The splash of poison hits the goblin.
The goblin is poisoned.
You kill the goblin!
You start waiting.
You have got your breath back.
A bat comes into view.
A bat is nearby!
Press: ? - help, Shift-Dir - straight line, f - bat
Aim: a bat The splash of poison hits the bat.
You kill the bat!
You start waiting.
You have got your breath back.
Found 19 stones.
An endoplasm comes into view.
Press: ? - help, Shift-Dir - straight line, f - endoplasm
Aim: an endoplasm (asleep)
The splash of poison hits the endoplasm.
The endoplasm is lightly wounded.
The endoplasm quivers.
Unknown command.
You have got your breath back.
Press: ? - help, Shift-Dir - straight line, f/p - endoplasm
Aim: an endoplasm (lightly wounded)
The splash of poison hits the endoplasm.
The endoplasm is poisoned.
The endoplasm is heavily wounded.
Unknown command.
Casting: Freeze (safe; 4% risk of failure)
Confirm with . or Enter, or press ? or * to list all spells.
Aiming: Freeze (safe; 4% risk of failure)
Press: ? - help, Shift-Dir - straight line, f/p - endoplasm
Aim: an endoplasm (heavily wounded, poisoned)
You freeze the endoplasm.
You kill the endoplasm!
Unknown command.
You start resting.
You have got your breath back.
You start resting.
Magic restored.
Are you sure you want to abandon this character and quit the game? (Confirm with "yes".)

.##.########.####
..#...#.P...#.#...
..#.#.#####.#.#.#.
..#.#.......#...#. ##########
#.#.#P###########.
#........###.#.#...........#.
#........##..#.###.#########.
..(..........#.....#.........
......)...#.@#######.########
#........##..........#
.....................#
.####).#####........## ..>..
##......## ####. ##.....# #.
#...##.## #. #.......#
....##...#


There were no monsters in sight!

Vanquished Creatures
  An endoplasm (D:1)
  A goblin (D:1)
  A bat (D:1)
3 creatures vanquished.

Notes
Turn   | Place    | Note
-------+----------+-------------------------------------------
     0 | D:1      | Meow the Naga Ice Elementalist began the quest for the Orb.
     0 | D:1      | Reached XP level 1. HP: 15/15 MP: 3/3
   133 | D:1      | Quit the game

Illustrated notes

Levels and vault maps discovered:
D:1:      onia_arrival_mini_maze_b, layout_rooms, st_stairs_3, grunt_decor_cap,
          minmay_tetromino_l2

Action                   || total
-------------------------++-------
 Cast: Freeze            ||     1
 Abil: Spit Poison       ||     4

Table legend: (Time is in decaauts)
 A = Elapsed time spent in this place.
 B = Non-inter-level travel time spent in this place.
 C = Inter-level travel time spent in this place.
 D = Time resting spent in this place.
 E = Time spent auto-exploring this place.
 F = Levels seen in this place.
 G = Mean time per level.
                   A        B        C        D        E       F      G
               +--------+--------+--------+--------+--------+-----+--------+
         Total |    175 |    175 |      0 |     18 |    122 |   1 |  175.0 |
       Dungeon |    175 |    175 |      0 |     18 |    122 |   1 |  175.0 |
               +--------+--------+--------+--------+--------+-----+--------+

Top non-repeatable levels by time:
     D:1: 175 daAuts
